AoeStats
← persephone9

Black Forest

503798521Analyzed
2v2 RM · 29d ago on Sep 2, 2026· 18m 16s· 4 players
Game mode
Random Map
Map size
Medium (4 player)
Population
200
Speed
Normal
Resources
Standard
Victory
Conquest
Starting age
Dark Age
Ending age
Imperial Age
RankedLock teamsTeams togetherTeam positionsShared explorationLock speedFull tech treeHidden civsTurbo modeCheats
Victory
Defeat
🇮🇳 Berbers · India
792
+14
🇹🇷 Vietnamese · Türkiye
695
+18
🇩🇪 Romans · Germany
745
-16
🇺🇸 Bohemians · United States
734
-16
King Kong
0:38 Loom
12:48 Feudal Age
17:04 Horse Collar
17:19 Double-Bit Axe
persephone9
1:04 Loom
17:40 Feudal Age
devil
0:39 Loom
15:16 Feudal Age
15:59 Arson
16:23 Man-at-Arms
Mert
0:49 Loom
13:58 Feudal Age
14:23 Double-Bit Axe
14:31 Gold Mining
15:20 Horse Collar
Connection lost

Rejoining the realm…

Still unreachable

The connection could not be restored.

Session expired

The server has moved on; the page needs a fresh start.